 Dungeon Crawl Stone Soup version 0.27-a0-242-ge0fc76b88b (webtiles) character file.

Game seed: 18144164547736124803

533 knot the Chopper (level 7, 54/78 HPs)
             Began as a Demonspawn Berserker on Feb 3, 2021.
             Was a Believer of Trog.
             Quit the game on level 4 of the Dungeon.
             The game lasted 00:04:16 (3304 turns).

knot the Chopper (Demonspawn Berserker)             Turns: 3304, Time: 00:04:16

Health: 54/78      AC: 12    Str: 17    XL:     7   Next: 4%
Magic:  7/7        EV: 12    Int: 10    God:    Trog [**....]
Gold:   249        SH:  0    Dex: 15    Spells: 6/6 levels left

rFire    . . .     SeeInvis .   k - +0 hand axe (curse)
rCold    . . .     Faith    .   (no shield)
rNeg     . . .     Spirit   .   e - +3 leather armour
rPois    +         Reflect  .   (helmet restricted)
rElec    .         Harm     .   v - +2 cloak {rPois}
rCorr    .         Rampage  .   (no gloves)
Will     .....                  B - +2 pair of boots
Stlth    ..........             (no amulet)
HPRegen  0.23/turn              (no ring)
MPRegen  0.10/turn              (no ring)

@: berserking, very quick
A: antennae 2, thin skeletal structure 1
a: Renounce Religion, Berserk, Trog's Hand


You were on level 4 of the Dungeon.
You worshipped Trog.
Trog was pleased with you.
You visited 1 branch of the dungeon, and saw 4 of its levels.

You collected 249 gold pieces.

Inventory:

Hand Weapons
 k - a cursed +0 hand axe (weapon)
Missiles
 g - 84 stones
 h - 47 sling bullets
 r - 3 curare-tipped darts
Armour
 e - a +3 leather armour (worn)
 m - a +0 leather armour of fire resistance
 v - a +2 cloak of poison resistance (worn)
 B - a +2 pair of boots (worn)
Jewellery
 w - an uncursed ring of flight {unknown}
 y - an uncursed ring of protection from cold
Wands
 p - a wand of polymorph (8)
 u - a wand of flame (7)
Scrolls
 a - 4 scrolls of remove curse {unknown}
 b - 4 scrolls of enchant armour {unknown}
 f - 2 scrolls of identify {unknown}
 i - a scroll of random uselessness {unknown}
 j - 2 scrolls of immolation {unknown}
 q - a scroll of amnesia {unknown}
 s - a scroll of fog {unknown}
 t - a scroll of blinking {unknown}
 x - 2 scrolls of teleportation {unknown}
Potions
 c - a potion of curing {unknown}
 d - 2 potions of flight {unknown}
 l - 2 potions of heal wounds {unknown}
 n - a potion of mutation {unknown}
 o - 2 potions of lignification {unknown}
 z - a potion of brilliance {unknown}
 A - a potion of degeneration {unknown}
 C - a potion of attraction {unknown}


   Skills:
 - Level 3.0 Fighting
 + Level 7.4 Axes
 - Level 1.7 Armour
 - Level 1.7 Dodging


You had 6 spell levels left.
You didn't know any spells.
Your spell library contained the following spells:

 Spells                   Type           Power        Failure   Level
 Magic Dart               Conj           0%           41%         1
 Blink                    Tloc           N/A          56%         2
 Call Imp                 Summ           0%           56%         2
 Slow                     Hex            0%           56%         2
 Conjure Flame            Conj/Fire      0%           80%         3
 Mephitic Cloud           Conj/Pois/Air  0%           80%         3


Dungeon Overview and Level Annotations

Branches:
Dungeon (4/15)             Temple (0/1) D:4

Altars:
Gozag
Okawaru


Innate Abilities, Weirdness & Mutations

You have a pair of antennae on your head.
You have a somewhat thin skeletal structure. (Dex +2, Stealth)


Message History

The worker ant bites you.
You closely miss the worker ant.
The worker ant is severely wounded.
You hit the worker ant. The worker ant bites you.
You closely miss the worker ant.
The worker ant is severely wounded.
You closely miss the worker ant. The worker ant barely misses you.
The worker ant bites you.
You hit the worker ant.
You kill the worker ant!
Trog accepts your kill.
You slash the worker ant! You slash the worker ant!
You feel the power of Trog in you as your rage grows.
You kill the worker ant!
Trog accepts your kill.
You have reached level 7!
Your demonic ancestry asserts itself...
Your bones become slightly less dense.
Are you sure you want to abandon this character and quit the game? (Confirm with "yes".)

.....<.....##..## ##
...........##.## ...
..............#
##.###
.............##
#.....
.............###..#..
###........<..#....#
. ###.........#.#..#
...
####........[##....#
#####.#..@†..>...
###...#....##
##.#....#.. #.#..#.#
#..##...# .(.. .....
.... .. . #.. ..


There were no monsters in sight!

Vanquished Creatures
  Grinder (D:3)
  An ogre (D:2)
  Crazy Yiuf (D:2)
  An orc priest (D:3)
  Jessica (D:2)
  Terence (D:2)
  2 worker ants (D:4)
  3 adders
  An ooze (D:3)
  2 worms (D:2)
  2 leopard geckos
  6 orcs
  A ball python (D:3)
  3 giant cockroaches
  3 goblins
  13 hobgoblins
  2 quokkas (D:2)
  4 bats (D:1)
  7 frilled lizards
  2 kobolds
  6 rats
63 creatures vanquished.

Notes
Turn   | Place    | Note
-------+----------+-------------------------------------------
     0 | D:1      | knot the Demonspawn Berserker began the quest for the Orb.
     0 | D:1      | Reached XP level 1. HP: 18/18 MP: 1/1
   139 | D:1      | Reached skill level 3 in Axes
   261 | D:1      | Gained mutation: You have a pair of small antennae on your
                  | head. [demonic ancestry]
   261 | D:1      | Reached XP level 2. HP: 23/24 MP: 2/2
   475 | D:1      | Found an iron altar of Okawaru.
   929 | D:2      | Noticed Terence
   941 | D:2      | Killed Terence
   942 | D:2      | Reached skill level 4 in Axes
   942 | D:2      | Gained mutation: You have a pair of antennae on your head.
                  | [demonic ancestry]
   942 | D:2      | Reached XP level 3. HP: 29/29 MP: 3/3
  1095 | D:2      | Noticed Jessica
  1102 | D:2      | Killed Jessica
  1103 | D:2      | Reached XP level 4. HP: 35/35 MP: 4/4
  1175 | D:2      | Noticed an ogre
  1182 | D:2      | Killed an ogre
  1183 | D:2      | Reached skill level 5 in Axes
  1183 | D:2      | Reached XP level 5. HP: 41/41 MP: 5/5
  1267 | D:2      | Found a runed translucent door.
  1268 | D:2      | Noticed Crazy Yiuf
  1415 | D:2      | Reached ** piety under Trog
  2070 | D:2      | Paralysed by Crazy Yiuf for 3 turns
  2074 | D:2      | Killed Crazy Yiuf
  2541 | D:3      | Noticed Grinder
  2566 | D:3      | Paralysed by Grinder for 4 turns
  2578 | D:4      | Reached skill level 6 in Axes
  2708 | D:3      | Killed Grinder
  2709 | D:3      | Reached skill level 7 in Axes
  2709 | D:3      | Reached XP level 6. HP: 47/47 MP: 6/6
  2766 | D:3      | Found an opulent altar of Gozag.
  3288 | D:4      | Found a staircase to the Ecumenical Temple.
  3304 | D:4      | Gained mutation: You have a somewhat thin skeletal
                  | structure. (Dex +2, Stealth) [demonic ancestry]
  3304 | D:4      | Reached XP level 7. HP: 52/52 MP: 7/7
  3304 | D:4      | Quit the game

Illustrated notes

Levels and vault maps discovered:
D:1:      grunt_arrival_lava_bath, layout_basic, okawaru_ov_weapons_minmay
D:2:      layout_rooms, uniq_terence, uniq_jessica, uniq_crazy_yiuf_cottage
D:3:      layout_loops_cross, nicolae_gozag_seed_capital, uniq_grinder
D:4:      layout_cave_pods, minmay_temple_entry_mini_moons,
          serial_co_window_serial, co_window_paths_b,
          co_window_of_opportunity_a, co_window_paths_a,
          co_window_of_opportunity_a, co_window_cross_1, co_window_paths_b,
          co_window_paths_b, co_window_broadway_a, co_window_corner_b,
          co_window_2corner, co_window_paths_e, uniq_natasha, uniq_duvessa,
          uniq_menkaure, uniq_pikel

Skill      XL: |  1  2  3  4  5 |
---------------+----------------+-----
Axes           | 3 4 5 7 |  7.4
Fighting       | |  3.0
Armour         | |  1.7
Dodging        | |  1.7

Action                   |  1- 3 |  4- 6 |  7- 9 || total
-------------------------+-------+-------+-------++-------
Melee: Hand axe          |    68 |   186 |       ||   254
       Unarmed           |     8 |       |       ||     8
Invok: Berserk           |     1 |     8 |       ||     9
       Trog's Hand       |       |     3 |       ||     3
Armor: Animal skin       |     6 |       |       ||     6
       Leather armour    |    19 |    53 |       ||    72
       Skin              |       |     4 |       ||     4
Dodge: Dodged            |    42 |    90 |       ||   132

Table legend: (Time is in decaauts)
 A = Elapsed time spent in this place.
 B = Non-inter-level travel time spent in this place.
 C = Inter-level travel time spent in this place.
 D = Time resting spent in this place.
 E = Time spent auto-exploring this place.
 F = Levels seen in this place.
 G = Mean time per level.
                   A        B        C        D        E       F      G
               +--------+--------+--------+--------+--------+-----+--------+
         Total |   3392 |   3285 |    107 |    814 |   1936 |   4 |  848.0 |
       Dungeon |   3392 |   3285 |    107 |    814 |   1936 |   4 |  848.0 |
               +--------+--------+--------+--------+--------+-----+--------+

Top non-repeatable levels by time:
     D:2: 1222 daAuts
     D:1: 1099 daAuts
     D:3: 884 daAuts
     D:4: 186 daAuts
